 Dungeon Crawl Stone Soup version 0.29-a0-1047-g7c58e119a4 (webtiles) character file.

Game seed: 12271927728186430902

53 IdlyInterested the Gusty (level 3, -1/27 HPs)
             Began as a Demonspawn Wanderer on Aug 16, 2022.
             Slain by a worm (5 damage)
             ... on level 2 of the Dungeon.
             The game lasted 00:06:12 (1792 turns).

IdlyInterested the Gusty (Demonspawn Wanderer)      Turns: 1792, Time: 00:06:12

Health: -1/27      AC:  7    Str:  8    XL:     3   Next: 62%
Magic:  5/5        EV:  8    Int: 19    God:
Gold:   23         SH:  0    Dex: 12    Spells: 5/5 levels left

rFire   . . .      SeeInvis .   h - +0 whip
rCold   . . .      Faith    .   (no shield)
rNeg    . . .      Spirit   .   j - +0 scale mail
rPois   .          Reflect  .   (no helmet)
rElec   .          Harm     .   (no cloak)
rCorr   .          Rampage  .   d - +0 pair of gloves
Will    .....                   (no boots)
Stlth   ..........              (no amulet)
HPRegen 0.09/turn               (no ring)
MPRegen 0.09/turn               (no ring)

@: no status effects
A: powered by death 2
a: no special abilities


You were on level 2 of the Dungeon.
You visited 1 branch of the dungeon, and saw 2 of its levels.

You collected 23 gold pieces.

Inventory:

Hand Weapons
 a - a +0 dagger
 h - a +0 whip (weapon)
Armour
 c - a +0 robe
 d - a +0 pair of gloves (worn)
 e - a +0 ring mail
 f - a +0 chain mail
 j - a +0 scale mail (worn)
Scrolls
 b - 2 scrolls of fear
Potions
 g - a potion of lignification
 i - a potion of brilliance


   Skills:
 - Level 2.0 Fighting
 - Level 1.0 Armour
 - Level 2.0 Dodging
 - Level 1.0 Stealth
 * Level 1.8 Spellcasting
 - Level 1.0 Translocations
 - Level 3.6 Air Magic
 + Level 1.3 Evocations


You had 5 spell levels left.
You didn't know any spells.
Your spell library contained the following spells:

 Spells                   Type           Power      Damage    Failure   Level
 Shock                    Conj/Air       32%        1d5       63%         1
 Apportation              Tloc           10%        N/A       75%         1
 Poisonous Vapours        Pois/Air       16%        N/A       77%         2
 Gell's Gravitas          Tloc           5%         N/A       98%         3
 Airstrike                Air            7%         2d(2-18)  98%         4


Dungeon Overview and Level Annotations

Branches:
Dungeon (2/15)

Altars:


Innate Abilities, Weirdness & Mutations

You regenerate health from kills.


Message History

The giant cockroach bites you but does no damage.
You hit the giant cockroach.
The giant cockroach is almost dead.
The giant cockroach barely misses you.
The giant cockroach completely misses you.
You hit the giant cockroach.
You kill the giant cockroach!
A worm comes into view.
You hit the worm.
The worm is lightly wounded.
The worm bites you.
You hit the worm.
The worm is lightly wounded.
The worm bites you.
You hit the worm but do no damage.
The worm is lightly wounded.
You hit the worm.
The worm is moderately wounded.
The worm closely misses you.
You hit the worm but do no damage.
The worm is moderately wounded.
The worm bites you.
You hit the worm.
The worm is moderately wounded.
You hit the worm.
The worm is severely wounded.
The worm bites you!
* * * LOW HITPOINT WARNING * * *
You hit the worm.
The worm is severely wounded.
The worm closely misses you.
You hit the worm.
The worm is almost dead.
You hit the worm but do no damage.
The worm is almost dead.
The worm barely misses you.
You hit the worm but do no damage.
The worm is almost dead.
The worm bites you.
You die...

#.......# ##
#.......# ...
#.......# .... .#.#
#.......######....
...#
#.................
...#
##+#.#............
... #............
..#
######.........####
..+
..........@........
..#
#######...w........
).# ##...........
..# #....##+### ..#
#.........# ###
#.........#
#.........#
#.........#
#.........#


You could see a worm.

Vanquished Creatures
  5 dart slugs
  An endoplasm (D:1)
  3 giant cockroaches
  4 goblins
  5 hobgoblins
  4 jackals (D:1)
  3 kobolds
  3 ball pythons
  4 bats (D:1)
  3 frilled lizards (D:1)
  3 rats (D:1)
38 creatures vanquished.

Notes
Turn   | Place    | Note
-------+----------+-------------------------------------------
     0 | D:1      | IdlyInterested the Demonspawn Wanderer began the quest for
                  | the Orb.
     0 | D:1      | IdlyInterested set off with the following items: a +0
                  | dagger, a scroll of fear, a +0 robe, a +0 pair of gloves;
                  | and the following spells available to memorise: Shock,
                  | Apportation, Poisonous Vapours, Gell's Gravitas, Airstrike.
     0 | D:1      | Reached XP level 1. HP: 13/13 MP: 2/2
   111 | D:1      | Reached skill level 1 in Fighting
   129 | D:1      | Gained mutation: You regenerate a little health from kills.
                  | [demonic ancestry]
   129 | D:1      | Reached XP level 2. HP: 8/21 MP: 3/3
   977 | D:1      | Gained mutation: You regenerate health from kills. [demonic
                  | ancestry]
   977 | D:1      | Reached XP level 3. HP: 21/27 MP: 4/4
   983 | D:1      | Reached skill level 1 in Armour
  1074 | D:1      | Found a faded altar of an unknown god.
  1792 | D:2      | Slain by a worm

Illustrated notes

Levels and vault maps discovered:
D:1:      lemuel_arrival_cross, layout_rooms, chequers_ecumenical_altar_simple
D:2:      layout_basic, basic_altar, minmay_misc_feat_plants

Skill      XL: |  1  2  3 |
---------------+----------+-----
Fighting       | 1 2 |  2.0
Dodging        | 2 |  2.0
Armour         | 1 |  1.0
Stealth        | |  1.0
Spellcasting   | |  1.8
Translocations | |  1.0
Air Magic      | |  3.6
Evocations     | |  1.3

Action                   || total
-------------------------++-------
Melee: Dagger            ||   138
       Whip              ||   149
       Punch             ||     4
  Use: Scroll            ||     3
Armor: Robe              ||    16
       Ring mail         ||    90
       Scale mail        ||    20
Dodge: Dodged            ||   155

Table legend: (Time is in decaauts)
 A = Elapsed time spent in this place.
 B = Non-inter-level travel time spent in this place.
 C = Inter-level travel time spent in this place.
 D = Time resting spent in this place.
 E = Time spent auto-exploring this place.
 F = Levels seen in this place.
 G = Mean time per level.
                   A        B        C        D        E       F      G
               +--------+--------+--------+--------+--------+-----+--------+
         Total |   1806 |   1689 |    117 |    598 |    594 |   2 |  903.0 |
       Dungeon |   1806 |   1689 |    117 |    598 |    594 |   2 |  903.0 |
               +--------+--------+--------+--------+--------+-----+--------+

Top non-repeatable levels by time:
     D:1: 1698 daAuts
     D:2: 108 daAuts
